 Dungeon Crawl Stone Soup version 0.27-a0-1245-g940ed4fa31 (webtiles) character file.

Game seed: 12517388008937023714

88 polve the Cutter (level 4, -2/35 HPs)
             Began as a Demonspawn Abyssal Knight on June 9, 2021.
             Was a Believer of Lugonu.
             Succumbed to a scorpion's poison
             ... on level 3 of the Dungeon.
             The game lasted 00:02:16 (2653 turns).

polve the Cutter (Demonspawn Abyssal Knight)        Turns: 2653, Time: 00:02:16

Health: -2/35      AC:  3    Str: 13    XL:     4   Next: 30%
Magic:  5/5        EV: 11    Int: 14    God:    Lugonu [**....]
Gold:   182        SH:  0    Dex: 12    Spells: 2/3 levels left

rFire    . . .     SeeInvis .   d - +2 short sword (speed)
rCold    . . .     Faith    .   (no shield)
rNeg     . . .     Spirit   .   b - +0 leather armour
rPois    .         Reflect  .   (no helmet)
rElec    .         Harm     .   (no cloak)
rCorr    .         Rampage  .   (no gloves)
Will     .....                  (no boots)
Stlth    +.........             (no amulet)
HPRegen  0.11/turn              (no ring)
MPRegen  0.09/turn              (no ring)

@: brilliant, lethally poisoned (-2 -> -17), very slightly contaminated,
invisible (expiring)
A: powered by death 1, demonic magic 1
a: Renounce Religion, Depart the Abyss, Bend Space


You were on level 3 of the Dungeon.
You worshipped Lugonu.
Lugonu was pleased with you.
You visited 1 branch of the dungeon, and saw 3 of its levels.
You visited the Abyss 1 time.

You collected 182 gold pieces.

Inventory:

Hand Weapons
 d - a +2 short sword of speed (weapon)
Armour
 b - a +0 leather armour (worn)
Wands
 g - a wand of flame (18)
Scrolls
 a - a scroll of immolation {unknown}
 j - a scroll of noise {unknown}
Potions
 f - a potion of cancellation


   Skills:
 + Level 3.3 Fighting
 - Level 4.0 Short Blades
 - Level 1.7 Armour
 - Level 0.8 Dodging
 - Level 2.4 Invocations


You had 2 spell levels left.
You knew the following spells:

 Your Spells              Type           Power      Damage    Failure   Level
a - Shock                 Conj/Air       0%         1d3       36%         1

Your spell library contained the following spells:

 Spells                   Type           Power      Damage    Failure   Level
 Static Discharge         Conj/Air       0%         N/A       50%         2
 Swiftness                Air            0%         N/A       73%         3
 Airstrike                Air            0%         N/A       98%         4
 Lightning Bolt           Conj/Air       0%         1d11      100%        5


Dungeon Overview and Level Annotations

Branches:
Dungeon (3/15)

Altars:


Innate Abilities, Weirdness & Mutations

You regenerate a little health from kills.
Spells you cast may paralyse adjacent enemies.


Message History

You hit the scorpion but do no damage.
The scorpion is moderately wounded.
* * * LOW HITPOINT WARNING * * *
You feel sick.
You feel much better.
You feel very sick. The scorpion stings you! The scorpion barely misses you.
It was a potion of cancellation.
You feel magically purged.
You feel sick. The scorpion stings you.
You feel very sick.
It was a potion of magic.
Magic courses through your body.
You feel sick. The scorpion barely misses you.
It was a potion of brilliance.
You feel clever all of a sudden.
You feel sick. The scorpion stings you.
* * * LOW HITPOINT WARNING * * *
It was a potion of invisibility.
You fade into invisibility!
You feel sick. The scorpion closely misses you. The scorpion misses you.
You are very lightly contaminated with residual magic.
You feel sick.
You feel sick.
You feel sick.
You see here an adder corpse.
You feel sick.
You are no longer poisoned.
The scorpion barely misses you. The scorpion closely misses you.
The scorpion barely misses you. The scorpion barely misses you.
The scorpion misses you.
You flicker for a moment.
The scorpion stings you!
* * * LOW HITPOINT WARNING * * *
You are lethally poisoned!
The scorpion poisons you!
Okay, then.
You hit the scorpion.
The scorpion is heavily wounded.
You die...

#............####..
#..######..........
#..# #............
#..# #.#.†...##.##
#..# #.##†#..# ..
#..####.##....# #
#.S...........#
##s####.......# #@#
#..####.# ##.##
#..# #.#
###...###..# #.#
##......##..# #.#
#.###....#..####.#
#.# #..........(.#
#.###....#..######
##......##..#
##.........#


You could see a scorpion and an adder.

Vanquished Creatures
  2 adders
  2 worms
  A dart slug (D:3)
  An orc (D:3)
  2 endoplasms
  A giant cockroach (D:1)
  5 goblins
  4 hobgoblins
  7 jackals (D:1)
  5 kobolds
  5 quokkas
  7 ball pythons
  7 bats
  3 frilled lizards
  4 rats
56 creatures vanquished.

Notes
Turn   | Place    | Note
-------+----------+-------------------------------------------
     0 | Abyss:1  | polve the Demonspawn Abyssal Knight began the quest for the
                  | Orb.
     0 | Abyss:1  | Reached XP level 1. HP: 18/18 MP: 2/2
   300 | Abyss:2  | Noticed an ancient lich
   300 | Abyss:2  | Noticed a green very ugly thing
   301 | D:1      | Escaped the Abyss
   379 | D:1      | Reached skill level 2 in Short Blades
   595 | D:1      | Reached * piety under Lugonu
   596 | D:1      | Gained mutation: You regenerate a little health from kills.
                  | [demonic ancestry]
   596 | D:1      | Reached XP level 2. HP: 24/24 MP: 3/3
   785 | D:1      | Reached skill level 3 in Short Blades
   896 | D:1      | Reached XP level 3. HP: 29/29 MP: 4/4
  1853 | D:2      | Reached ** piety under Lugonu
  2218 | D:2      | You fall into a shaft and drop 1 floor!
  2266 | D:3      | Reached skill level 4 in Short Blades
  2266 | D:3      | Gained mutation: Spells you cast may paralyse adjacent
                  | enemies. [demonic ancestry]
  2266 | D:3      | Reached XP level 4. HP: 25/35 MP: 5/5
  2356 | D:3      | Learned a level 1 spell: Shock
  2606 | D:3      | Noticed a scorpion
  2652 | D:3      | HP: 1/35 [scorpion (7)]
  2653 | D:3      | Succumbed to a scorpion's poison

Illustrated notes

Levels and vault maps discovered:
D:1:      dpeg_arrival_shelter, layout_basic
D:2:      layout_basic, kennysheep_small_spiral, hangedman_decor_riveting,
          minmay_misc_feat_ornament, minmay_increasing_density
D:3:      layout_loops_ring, nicolae_ashenzari_skybound,
          nicolae_overflow_hidden_temple, lemuel_tele_altar,
          vehumet_altar_wand_db, ebering_ghost_disaster_area

Skill      XL: |  1  2  3 |
---------------+----------+-----
Short Blades   | 2 3 4 |  4.0
Fighting       | |  3.3
Armour         | |  1.7
Dodging        | |  0.8
Invocations    | |  2.4

Action                   |  1- 3 |  4- 6 || total
-------------------------+-------+-------++-------
Melee: Short sword       |   148 |    35 ||   183
Invok: Depart the Abyss  |     1 |       ||     1
  Use: Potion            |     1 |     5 ||     6
 Stab: Sleeping          |     1 |     1 ||     2
Armor: Leather armour    |    33 |     6 ||    39
Dodge: Dodged            |    93 |    15 ||   108

Table legend: (Time is in decaauts)
 A = Elapsed time spent in this place.
 B = Non-inter-level travel time spent in this place.
 C = Inter-level travel time spent in this place.
 D = Time resting spent in this place.
 E = Time spent auto-exploring this place.
 F = Levels seen in this place.
 G = Mean time per level.
                   A        B        C        D        E       F      G
               +--------+--------+--------+--------+--------+-----+--------+
         Total |   2597 |   2545 |     52 |    100 |   2018 |   5 |  519.4 |
       Dungeon |   2293 |   2241 |     52 |      0 |   1838 |   3 |  764.3 |
         Abyss |    304 |    304 |      0 |    100 |    179 |   2 |  152.0 |
               +--------+--------+--------+--------+--------+-----+--------+

Top non-repeatable levels by time:
     D:1: 1244 daAuts
     D:2: 634 daAuts
     D:3: 413 daAuts
 Abyss:1: 303 daAuts
 Abyss:2: 0 daAuts
